Map: Pillars of Gold LE

Players

JonSnow

  • Race: Zerg Zerg
  • League: Grandmaster
  • Spawn Location: 7:00

DisK - Winner!

  • Race: Protoss Protoss
  • Spawn Location: 1:00

Event: DreamHack SC2 Masters 2020 Winter

VOD

Have the link to the VOD?

Description

Time

  • Played on: Oct. 15, 2020, 7:26 p.m.
  • Length: 9:46

All games in this series

Show
View Real Time Build Order
Export as new Build Order

JonSnow Zerg 

Build Orders: Hatch First 

Get SALT Encoding   

  12  0:01  Drone  
  13  0:13  Overlord  
  13  0:18  Drone  
  14  0:31  Drone x2  
  16  0:50  Hatchery  
  16  0:54  Drone  
  16  0:57  Drone  
  16  1:00  Drone  
  18  1:08  Extractor  
  17  1:16  Spawning Pool  
  16  1:19  Drone  
  16  1:23  Drone  
  18  1:29  Drone  
  19  1:40  Drone  
  20  1:50  Overlord  
  20  2:03  Queen x2  
  20  2:04  Zergling x2  
  25  2:11  Zergling x2  
  25  2:12  Drone  
  27  2:19  Metabolic Boost  
  27  2:20  Drone  
  28  2:23  Drone  
  28  2:27  Drone  
  30  2:43  Hatchery  
  29  2:46  Drone  
  29  2:48  Drone  
  31  2:53  Drone x2  
  32  2:59  Queen  
  34  3:05  Overlord  
  34  3:07  Drone  
  35  3:20  Overlord  
  35  3:25  Drone x5  
  40  3:28  Drone  
  41  3:35  Queen  
  41  3:39  Drone x2  
  45  3:47  Overlord  
  45  3:52  Drone  
  45  3:53  Drone x5  
  51  4:00  Queen  
  51  4:01  Roach Warren  
  51  4:02  Drone  
  53  4:05  Overlord  
  53  4:14  Overlord x2  
  53  4:18  Lair  
  53  4:21  Drone, Spore Crawler  
  53  4:24  Zergling x4  
  53  4:26  Drone  
  53  4:30  Spore Crawler  
  55  4:31  Spore Crawler  
  55  4:32  Drone  
  55  4:43  Roach x2  
  55  4:44  Roach x2  
  55  4:45  Drone x3  
  66  4:48  Drone x2  
  66  4:51  Drone x2  
  67  5:08  Drone  
  67  5:09  Drone x9  
  77  5:16  Overseer  
  77  5:19  Extractor  
  76  5:21  Extractor  
  76  5:22  Extractor  
  76  5:24  Drone  
  76  5:26  Hatchery  
  76  5:27  Drone x2  
  76  5:30  Glial Reconstitution  
  76  5:34  Evolution Chamber  
  75  5:38  Overlord x2  
  75  5:39  Drone  
  76  5:43  Overlord x2  
  76  5:45  Overlord  
  76  6:02  Roach x5  
  80  6:08  Overseer  
  77  6:12  Drone x4  
  77  6:13  Roach  
  83  6:18  Roach  
  83  6:19  Roach x2  
  83  6:22  Roach  
  89  6:28  Roach  
  89  6:30  Roach  
  93  6:38  Roach x3  
  97  6:44  Roach x3  
  97  6:45  Hatchery  
  98  6:51  Roach x4  
  102  6:58  Roach x2  
  100  7:08  Roach x2  
  98  7:09  Overseer  
  98  7:14  Roach x2  
  98  7:21  Roach x2  
  98  7:28  Overlord x2  
  98  7:29  Overlord x2  
  82  7:40  Infestation Pit, Zerg Missile Weapons Level 1  
  82  7:41  Drone x4  
  85  7:46  Drone, Queen x2  
  90  7:52  Ravager x2  
  90  7:53  Drone x2  
  90  7:57  Extractor  
  93  8:04  Drone x4  
  97  8:07  Extractor  
  97  8:12  Overlord  
  96  8:13  Overlord  
  96  8:15  Drone x2  
  96  8:16  Drone, Queen  
  96  8:17  Drone  
  102  8:21  Drone x4  
  106  8:30  Roach x4  
  110  8:34  Roach x3  
  110  8:39  Extractor x2  
  104  8:42  Roach x4  
  104  8:45  Roach x3  
  104  8:46  Ravager x4  
  116  8:51  Roach x2  
  116  8:53  Ravager  
  116  8:55  Zergling x4  
  121  8:58  Roach  
  121  9:02  Roach  
  123  9:08  Overlord x2  
  123  9:11  Overseer  
  123  9:12  Overlord  
  123  9:17  Overlord  
  123  9:23  Roach x5  
  125  9:25  Hatchery  
  125  9:28  Overseer  
Show
View Real Time Build Order
Export as new Build Order

DisK Protoss - Winner!

Build Orders: 1 Gate Expand, Zealot Archon, Archon Drop, Dark Templar Rush 

Get SALT Encoding   

  12  0:00  Probe  
  13  0:12  Probe  
  14  0:19  Pylon  
  14  0:24  Probe  
  15  0:37  Probe (Chrono Boost)  
  15  0:40  Gateway  
  16  0:48  Assimilator, Probe (Chrono Boost)  
  17  0:53  Probe (Chrono Boost)  
  18  1:03  Probe  
  19  1:16  Probe  
  20  1:26  Nexus  
  20  1:36  Cybernetics Core  
  20  1:40  Probe  
  21  1:48  Assimilator  
  21  1:53  Probe  
  22  1:57  Pylon  
  22  2:05  Probe  
  23  2:13  Warp Gate, Adept (Chrono Boost)  
  23  2:17  Probe (Chrono Boost)  
  26  2:24  Twilight Council  
  26  2:28  Probe (Chrono Boost)  
  27  2:33  Probe (Chrono Boost)  
  27  2:34  Stalker (Chrono Boost)  
  30  2:40  Probe  
  31  2:44  Probe  
  32  2:52  Probe  
  33  2:58  Robotics Facility  
  33  2:59  Probe  
  33  3:04  Probe  
  35  3:15  Gateway  
  35  3:16  Probe (Chrono Boost)  
  35  3:19  Probe (Chrono Boost)  
  37  3:30  Dark Shrine  
  37  3:32  Probe (Chrono Boost)  
  37  3:33  Probe (Chrono Boost)  
  39  3:34  Gateway  
  39  3:38  Gateway  
  39  3:41  Probe x2  
  41  3:49  Warp Prism (Chrono Boost)  
  43  3:58  Assimilator  
  43  4:00  Pylon  
  43  4:02  Probe  
  44  4:05  Assimilator, Probe  
  45  4:14  Pylon  
  45  4:15  Probe  
  46  4:18  Probe  
  47  4:27  Probe  
  47  4:30  Probe  
  49  4:33  Pylon  
  49  4:40  Probe  
  49  4:41  Dark Templar x2  
  49  4:42  Dark Templar x2, Probe  
  59  4:51  Observer  
  59  4:52  Probe  
  61  4:54  Probe  
  62  5:05  Probe  
  63  5:12  Probe  
  63  5:18  Stalker x2, Blink (Chrono Boost)  
  63  5:19  Zealot  
  69  5:24  Pylon  
  69  5:32  Archon  
  69  5:33  Archon  
  69  5:35  Nexus  
  69  5:36  Pylon  
  69  5:38  Pylon  
  69  5:40  Probe  
  69  5:42  Immortal  
  74  5:44  Zealot  
  74  5:47  Sentry  
  78  5:53  Forge  
  78  6:12  Stalker x4  
  86  6:18  Probe (Chrono Boost)  
  86  6:19  Probe (Chrono Boost)  
  86  6:21  Immortal  
  88  6:28  Probe (Chrono Boost)  
  89  6:43  Stalker x2  
  93  6:53  Probe (Chrono Boost)  
  94  6:55  Probe x2 (Chrono Boost)  
  94  7:00  Dark Templar x2  
  90  7:04  Probe (Chrono Boost)  
  90  7:05  Warp Prism  
  85  7:22  Protoss Ground Weapons Level 1 (Chrono Boost)  
  77  7:32  Gateway, Probe  
  77  7:33  Gateway, Probe x2  
  77  7:35  Gateway  
  77  7:36  Gateway  
  76  7:39  Sentry x2  
  76  7:40  Sentry x2  
  76  7:41  Immortal  
  88  7:44  Probe  
  88  7:45  Probe x2  
  88  7:47  Pylon  
  91  7:54  Pylon  
  91  7:55  Pylon  
  91  7:57  Probe x2  
  91  7:58  Assimilator, Pylon  
  93  7:59  Assimilator  
  93  8:00  Pylon  
  93  8:06  Observer  
  93  8:09  Shield Battery  
  93  8:12  Probe x2  
  95  8:19  Stalker x3  
  101  8:20  Stalker  
  101  8:34  Stalker x3  
  101  8:35  Stalker  
  105  8:53  Stalker x4  
  113  8:56  Nexus  
  113  8:58  Pylon  
  113  9:06  Dark Templar x2  
  113  9:07  Stalker x2  
  121  9:14  Probe x3  
  116  9:32  Stalker x6  
Tags
 
Add a new tag
Caveats
  • Supply blocks, unpowered buildings, or Contaminate may cause inaccurate times.
  • Supply counts are checked every 10 seconds.